 Dungeon Crawl Stone Soup version 0.23.2-1-ga50397a (webtiles) character file.

Game seed: 8075018053525947405

37107 Kairos the Severer (level 14, 0/109 HPs)
             Began as a Formicid Fighter on Apr 21, 2019.
             Was the Champion of Okawaru.
             Slain by an eight-headed hydra (4 damage)
             ... on level 5 of the Lair of Beasts.
             The game lasted 00:30:17 (15962 turns).

Kairos the Severer (Formicid Fighter)              Turns: 15962, Time: 00:30:19

Health: 0/109      AC: 23    Str: 32    XL:     14   Next: 27%
Magic:  14/15      EV: 12    Int:  9    God:    Okawaru [******]
Gold:   1154       SH: 15    Dex: 12    Spells: 13/13 levels left

rFire    . . .     SeeInvis +   x - +1 spear (pierce)
rCold    . . .     Gourm    .   c - +0 shield
rNeg     . . .     Faith    +   W - +0 plate armour of Slovenliness {Str+2}
rPois    .         Spirit   .   (helmet unavailable)
rElec    .         Reflect  .   G - +0 cloak
rCorr    .         Harm     .   Q - +0 pair of gloves
MR       ++...                  L - +2 pair of boots {Fly}
Stlth    ..........             z - amulet of faith
HPRegen  0.28/turn              B - ring of protection from magic
MPRegen  0.14/turn              (no ring)

@: mighty, heroism, flying
A: permanent stasis, dig shafts and tunnels, four strong arms, antennae 3, thin
skeletal structure 1
a: Dig, Shaft Self, Heroism, Finesse, Renounce Religion, Stop Flying


You were on level 5 of the Lair of Beasts.
You worshipped Okawaru.
Okawaru was exalted by your worship.
You were not hungry.

You visited 2 branches of the dungeon, and saw 16 of its levels.
You also visited: Sewer.

You collected 1154 gold pieces.

Inventory:

Hand Weapons
 a - the +10 war axe of Eternal Vigilance {chop, Int+3}
   (Okawaru gifted it to you on level 4 of the Lair of Beasts)

   It inflicts extra damage upon your enemies.
   It affects your intelligence (+3).
 x - a +1 spear of piercing (weapon)
 E - a +2 battleaxe
 M - the +1 broad axe of the Lamprey {speed, rPois Int+2}
   (You acquired it on level 10 of the Dungeon)

   Attacks with this weapon are significantly faster.
   It affects your intelligence (+2).
   It protects you from poison.
Armour
 c - a +0 shield (worn)
 G - a +0 cloak (worn)
 I - a +2 chain mail of magic resistance
 L - a +2 pair of boots of flying (worn)
 Q - a +0 pair of gloves (worn)
 W - the +0 plate armour of Slovenliness (worn) {Str+2}
   (Okawaru gifted it to you on level 1 of the Lair of Beasts)

   It affects your strength (+2).
Jewellery
 z - an amulet of faith (around neck)
 B - a ring of protection from magic (left hand)
 H - the cursed necklace of Bloodlust {*Rage +Rage MR++ Int-3 Slay+6 *Curse}
   (You found it on level 8 of the Dungeon)

   [amulet of rage]

   It affects your intelligence (-3).
   It affects your accuracy and damage with ranged weapons and melee attacks
   (+6).
   It affects your resistance to hostile enchantments.
   It lets you go berserk.
   It may make you go berserk in combat.
   It curses itself when equipped.
   It has a curse placed upon it.
 K - an uncursed amulet of harm
 S - an uncursed ring of protection from magic
 Z - an uncursed amulet of magic regeneration
Wands
 b - a wand of paralysis (3)
 p - a wand of digging (9)
 v - a wand of iceblast (6)
 A - a wand of polymorph (4)
 D - a wand of disintegration (8)
 P - a wand of flame (24)
 T - a wand of enslavement (4)
Scrolls
 h - a scroll of blinking {unknown}
 m - a scroll of fear
 n - 4 scrolls of remove curse
 o - 4 scrolls of magic mapping
 q - 4 scrolls of enchant weapon
 w - 5 scrolls of enchant armour
 y - a scroll of fog {unknown}
 C - 2 scrolls of immolation
 R - a scroll of holy word {unknown}
 V - a scroll of amnesia {unknown}
 X - a scroll of silence {unknown}
 Y - a scroll of identify
Potions
 d - 3 potions of might
 e - 4 potions of heal wounds
 g - a potion of ambrosia {unknown}
 i - a potion of invisibility {unknown}
 j - a potion of magic {unknown}
 k - 8 potions of curing
 l - a potion of cancellation {unknown}
 r - 4 potions of brilliance
 s - 2 potions of agility
 t - 2 potions of lignification
 u - 3 potions of degeneration {unknown}
 F - a potion of resistance {unknown}
 O - 2 potions of flight
Miscellaneous
 J - a phantom mirror
 N - a lightning rod (4/4)
 U - a lamp of fire
Comestibles
 f - 21 rations


   Skills:
 + Level 9.9(14.9) Fighting
 * Level 17.2(22.2) Axes
 + Level 1.1(16.6) Polearms
 + Level 9.7(14.7) Armour
 + Level 1.9(6.9) Dodging
 + Level 2.1(7.1) Stealth
 + Level 10.9(15.9) Shields
 + Level 1.8 Invocations
 + Level 0.5 Evocations


You had 13 spell levels left.
You didn't know any spells.
Your spell library contained the following spells:

 Spells                   Type           Power        Failure   Level  Hunger
 Animate Skeleton         Necr           N/A          90%         1    ##.....
 Apportation              Tloc           #.....       90%         1    ##.....
 Confusing Touch          Hex            #.....       90%         1    ##.....
 Corona                   Hex            #......      90%         1    ##.....
 Magic Dart               Conj           #...         90%         1    ##.....
 Sandblast                Erth           #.....       90%         1    ##.....
 Summon Small Mammal      Summ           #...         90%         1    ##.....
 Ensorcelled Hibernation  Hex/Ice        #.....       97%         2    ###....
 Passwall                 Tmut/Erth      #.......     97%         2    ###....
 Confuse                  Hex            #.......     99%         3    ####...
 Dazzling Spray           Conj/Hex       #.....       99%         3    ####...
 Gell's Gravitas          Tloc           #.........   99%         3    ####...
 Portal Projectile        Hex/Tloc       #.....       99%         3    ####...
 Stone Arrow              Conj/Erth      #.....       99%         3    ####...
 Tukima's Dance           Hex            #.......     99%         3    ####...
 Force Lance              Conj/Tloc      #.......     100%        4    #####..
 Petrify                  Tmut/Erth      #.......     100%        4    #####..
 Throw Icicle             Conj/Ice       #.......     100%        4    #####..
 Irradiate                Conj/Tmut      #.........   100%        5    ######.
 Lee's Rapid Deconstruct  Erth           #.........   100%        5    ######.
 Deflect Missiles         Chrm/Air       #.........   100%        6    #######
 Dispersal                Tloc           #.........   100%        6    #######
 Hydra Form               Tmut           #.........   100%        6    #######
 Iron Shot                Conj/Erth      #.........   100%        6    #######
 Statue Form              Tmut/Erth      #........    100%        6    #######
 Dragon Form              Tmut           #.........   100%        7    #######
 Disjunction              Tloc           #.........   100%        8    #######
 Controlled Blink         Tloc           Unusable     N/A         8    N/A

Dungeon Overview and Level Annotations

Branches:
Dungeon (11/15)            Temple (0/1) D:6            Lair (5/6) D:10
  Swamp (0/4) Lair:4        Snake (0/4) Lair:3
  Slime: Lair:5-6       Orc: D:9-12

Altars:
Ashenzari
Cheibriados
Elyvilon
Hepliaklqana
Nemelex Xobeh
Okawaru
Qazlal
Sif Muna
Uskayaw
Vehumet
Wu Jian
Zin

Annotations:
D:5 2 runed translucent doors, Paps's ghost, novice TrFi
Lair:2 exclusion: 2 oklob plants


Innate Abilities, Weirdness & Mutations

You cannot be hasted, slowed, berserked, paralysed or teleported.
You can dig through walls and to a lower floor.
Your four strong arms can wield two-handed weapons with a shield.
You have a pair of large antennae on your head. (SInv)
You have a somewhat thin skeletal structure. (Dex +2, Stealth)


Message History

You block the eight-headed hydra's attack. x2
The eight-headed hydra bites you but does no damage. x2
The eight-headed hydra bites you.
* * * LOW HITPOINT WARNING * * *
The eight-headed hydra bites you but does no damage.
Unknown command.
You impale the eight-headed hydra!!
The eight-headed hydra is severely wounded.
You hit the eight-headed hydra.
The eight-headed hydra is almost dead.
The eight-headed hydra bites you!
* * * LOW HITPOINT WARNING * * *
The eight-headed hydra bites you but does no damage.
You block the eight-headed hydra's attack.
The eight-headed hydra bites you but does no damage.
The eight-headed hydra barely misses you.
The eight-headed hydra completely misses you.
You block the eight-headed hydra's attack.
The eight-headed hydra bites you.
You die...

.....##....#
............ ./#
..........# ..#
..........## #..
...........# ..##
...........## ...#
........>...#####.>###.P
..........#.#.#.........
................@.......
............##P#.D......
..........#######.......
............ .......
.#........### P......
##.........# ..!....
........... #...... ..
......


You could see an eight-headed hydra.

Vanquished Creatures
  Kirke (Lair:4)
  Josephine (D:10)
  Fannar (D:11)
  2 hydras
  A centaur warrior (D:8)
  A two-headed ogre (D:8)
  Sonja (D:10)
  An unseen horror (D:10)
  An ugly thing (D:8)
  Maurice (D:8)
  15 elephants (Lair:4)
  5 black mambas
  A centaur zombie (D:10)
  2 spiny frogs
  3 komodo dragons
  A kobold demonologist (D:9)
  A queen bee (D:9)
  A hornet (D:10)
  A tyrant leech (Lair:1)
  5 hippogriffs
  5 blink frogs (Lair:1)
  A spriggan (D:7)
  32 yaks
  6 hogs (Lair:4)
  2 basilisks
  A hungry ghost (D:11)
  A steam dragon (D:11)
  3 nagas (Lair:3)
  15 water moccasins
  4 ice beasts
  5 porcupines
  A swamp drake (D:11)
  2 black bears
  5 orc warriors
  3 sky beasts
  An eye of draining (D:11)
  2 necrophages
  5 ogres
  5 wolves (Lair:1)
  8 centaurs
  15 big kobolds
  11 crocodiles
  15 bullfrogs
  4 scorpions
  23 killer bees
  12 wights
  3 electric eels (Lair:2)
  3 howler monkeys
  4 crimson imps
  3 quasits
  3 bullfrog zombies
  3 jellies
  2 centaur skeletons
  3 hounds
  4 orc priests
  2 bullfrog skeletons
  12 orc wizards
  3 iguanas
  11 worker ants
  6 hell rats (Lair:3)
  A hound skeleton (D:11)
  2 worker ant zombies
  6 gnolls
  21 adders
  10 river rats
  2 shadow imps
  2 oozes
  6 adder skeletons
  3 adder zombies
  4 worms
  A dart slug (D:5)
  9 leopard geckos
  46 orcs
  11 bats
  2 bat zombies (D:2)
  6 giant cockroaches
  14 goblins
  12 hobgoblins
  4 jackals
  3 quokkas
  11 ball pythons
  9 frilled lizards
  A jackal skeleton (D:5)
  A jackal zombie (D:2)
  86 kobolds
  A leopard gecko skeleton (D:2)
  A leopard gecko zombie (D:2)
  A quokka skeleton (D:4)
  28 rats
  3 fungi (Lair:3)
  A plant (Lair:1)
603 creatures vanquished.

Vanquished Creatures (others)
  2 fungi (Lair:3)
  A plant (D:10)
3 creatures vanquished.

Grand Total: 606 creatures vanquished

Notes
Turn   | Place    | Note
-------+----------+-------------------------------------------
     0 | D:1      | Kairos the Formicid Fighter began the quest for the Orb.
     0 | D:1      | Reached XP level 1. HP: 18/18 MP: 1/1
   135 | D:1      | Reached XP level 2. HP: 23/24 MP: 2/2
   347 | D:1      | Reached XP level 3. HP: 28/29 MP: 3/3
   763 | D:2      | Reached XP level 4. HP: 33/37 MP: 4/4
  1186 | D:2      | Reached XP level 5. HP: 40/42 MP: 5/5
  1284 | D:2      | Reached skill level 3 in Axes
  1367 | D:2      | You fall through a shaft!
  1385 | D:3      | Found a glowing drain.
  1396 | Sewer    | Entered a sewer
  1636 | Sewer    | Reached XP level 6. HP: 34/48 MP: 6/6
  1773 | Sewer    | Reached skill level 5 in Shields
  1937 | Sewer    | Reached skill level 4 in Axes
  2114 | D:3      | Found a glowing silver altar of Zin.
  2222 | D:3      | Reached XP level 7. HP: 55/55 MP: 7/7
  2475 | D:3      | Found a sparkling altar of Nemelex Xobeh.
  2517 | D:3      | Found an iron altar of Okawaru.
  2644 | D:3      | Became a worshipper of Warmaster Okawaru
  2703 | D:3      | Reached skill level 5 in Axes
  2755 | D:3      | Reached skill level 5 in Armour
  2906 | D:3      | Reached skill level 6 in Axes
  2906 | D:3      | Reached XP level 8. HP: 47/61 MP: 8/8
  3137 | D:4      | Found a hide-covered altar of Uskayaw.
  3139 | D:4      | Noticed a +0 hand axe
  3139 | D:4      | Noticed a +0 hand axe
  3172 | D:4      | Reached * piety under Okawaru
  3306 | D:4      | Found a deep blue altar of Sif Muna.
  3435 | D:4      | Reached skill level 5 in Fighting
  3590 | D:5      | Entered Level 5 of the Dungeon
  3656 | D:5      | Reached skill level 7 in Axes
  3714 | D:5      | Found a runed translucent door.
  3720 | D:5      | Noticed Paps's ghost (novice TrFi)
  3746 | D:5      | Found a runed translucent door.
  4401 | D:6      | Reached ** piety under Okawaru
  4401 | D:6      | Reached skill level 8 in Axes
  4401 | D:6      | Reached XP level 9. HP: 61/68 MP: 9/9
  5060 | D:6      | Found a staircase to the Ecumenical Temple.
  5067 | D:6      | Reached skill level 9 in Axes
  5432 | D:7      | Found an ornate altar of the Wu Jian Council.
  5523 | D:7      | Found a white marble altar of Elyvilon.
  5527 | D:7      | Found a shattered altar of Ashenzari.
  5527 | D:7      | Found a snail-covered altar of Cheibriados.
  5540 | D:7      | Found a hazy altar of Hepliaklqana.
  5544 | D:7      | Found a stormy altar of Qazlal.
  5578 | D:7      | Reached *** piety under Okawaru
  5969 | D:7      | Reached skill level 10 in Axes
  5969 | D:7      | Reached XP level 10. HP: 76/76 MP: 10/10
  6015 | D:7      | Found a radiant altar of Vehumet.
  6191 | D:8      | Identified the +1 leather armour of the Falcon {Stlth+}
                  | (You found it on level 8 of the Dungeon)
  6303 | D:8      | Noticed a two-headed ogre
  6310 | D:8      | Killed a two-headed ogre
  6310 | D:8      | Reached **** piety under Okawaru
  6310 | D:8      | Reached skill level 11 in Axes
  6310 | D:8      | Reached skill level 1 in Dodging
  6310 | D:8      | Reached skill level 1 in Invocations
  6380 | D:8      | Received a gift from Okawaru
  6437 | D:8      | Reached skill level 1 in Stealth
  6517 | D:8      | Noticed Maurice
  6552 | D:8      | Killed Maurice
  6642 | D:8      | Noticed a centaur warrior
  6644 | D:8      | Noticed a brown ugly thing
  6659 | D:8      | Killed a brown ugly thing
  6659 | D:8      | Reached ***** piety under Okawaru
  6665 | D:8      | Killed a centaur warrior
  6665 | D:8      | Reached skill level 12 in Axes
  6665 | D:8      | Reached XP level 11. HP: 41/83 MP: 9/11
  6697 | D:8      | Found the cursed necklace of Bloodlust {*Rage +Rage MR++
                  | Int-3 Slay+6 *Curse}
  6828 | D:8      | Received a gift from Okawaru
  6861 | D:8      | Identified the Incunabulum of Lethal Aid
  7883 | D:9      | Reached skill level 13 in Axes
  8357 | D:9      | Received a gift from Okawaru
  9004 | D:10     | Entered Level 10 of the Dungeon
  9007 | D:10     | Noticed an unseen horror
  9023 | D:10     | Killed an unseen horror
  9215 | D:10     | Found a staircase to the Lair.
  9540 | D:10     | Reached XP level 12. HP: 88/91 MP: 12/12
  9550 | D:10     | You are sucked into a shaft!
  9605 | D:11     | Noticed Josephine
  9696 | D:11     | Noticed Fannar
  9701 | D:11     | Reached skill level 14 in Axes
  9716 | D:10     | Killed Josephine
  9761 | D:11     | HP: 3/91 [Fannar/uncursed staff of cold (5)]
  9765 | D:11     | Killed Fannar
 10300 | D:10     | Gained mutation: Scrolls take you a little longer to read.
                  | [potion of mutation]
 10300 | D:10     | Gained mutation: Your flesh is cold resistant. (rC+)
                  | [potion of mutation]
 10300 | D:10     | Gained mutation: You are resistant to hostile enchantments.
                  | (MR+) [potion of mutation]
 10314 | D:10     | Lost mutation: Your flesh is cold resistant. (rC+) [potion
                  | of mutation]
 10314 | D:10     | Lost mutation: You are resistant to hostile enchantments.
                  | (MR+) [potion of mutation]
 10314 | D:10     | Lost mutation: Scrolls take you a little longer to read.
                  | [potion of mutation]
 10314 | D:10     | Gained mutation: You have a somewhat thin skeletal
                  | structure. (Dex +2, Stealth) [potion of mutation]
 10340 | D:10     | Received a gift from Okawaru
 11234 | D:10     | Noticed Sonja
 11251 | D:10     | Killed Sonja
 11251 | D:10     | Reached skill level 15 in Axes
 11522 | Lair:1   | Entered Level 1 of the Lair of Beasts
 11717 | Lair:1   | Reached XP level 13. HP: 95/99 MP: 14/14
 11937 | Lair:1   | Noticed a six-headed hydra
 11958 | Lair:1   | a six-headed hydra changed into a tyrant leech
 12241 | Lair:1   | Noticed a six-headed hydra
 12420 | D:11     | Identified a scroll of acquirement
 12452 | D:10     | Got a polished broad axe
 12453 | D:10     | Identified the +1 broad axe of the Lamprey {speed, rPois
                  | Int+2} (You acquired it on level 10 of the Dungeon)
 12679 | Lair:1   | Killed a six-headed hydra
 12679 | Lair:1   | Received a gift from Okawaru
 12679 | Lair:1   | Reached skill level 10 in Shields
 12703 | Lair:1   | Got an encrusted plate armour {god gift}
 12714 | Lair:1   | Identified the +0 plate armour of Slovenliness {Str+2}
                  | (Okawaru gifted it to you on level 1 of the Lair of Beasts)
 13385 | Lair:2   | Reached skill level 16 in Axes
 14132 | Lair:3   | Noticed an eight-headed hydra
 14162 | Lair:3   | Killed an eight-headed hydra
 14619 | Lair:3   | Reached skill level 1 in Polearms
 14683 | Lair:3   | Found a staircase to the Snake Pit.
 15151 | Lair:4   | Reached ****** piety under Okawaru
 15204 | Lair:4   | Reached XP level 14. HP: 47/108 MP: 15/15
 15223 | Lair:4   | Found a snail-covered altar of Cheibriados.
 15355 | Lair:4   | Found a staircase to the Swamp.
 15485 | Lair:4   | Noticed Kirke
 15498 | Lair:4   | Received a gift from Okawaru
 15502 | Lair:4   | Noticed a sphinx
 15506 | Lair:4   | Killed Kirke
 15506 | Lair:4   | Reached skill level 17 in Axes
 15510 | Lair:4   | Got a jewelled war axe {god gift}
 15511 | Lair:4   | Identified the +10 war axe of Eternal Vigilance {chop,
                  | Int+3} (Okawaru gifted it to you on level 4 of the Lair of
                  | Beasts)
 15962 | Lair:5   | HP: 4/109 [eight-headed hydra (10)]
 15962 | Lair:5   | Slain by an eight-headed hydra

Skill      XL: |  1  2  3  4  5  6  7  8  9 10 11 12 13 14 |
---------------+-------------------------------------------+-----
Armour         | 4 5 6 7 8 9 |  9.7
Shields        | 4 5 6 7 8 9 10 | 10.9
Axes           | 3 4 6 8 10 12 13 15 16 17 | 17.2
Fighting       | 4 5 6 7 8 9 |  9.9
Dodging        | 1 |  1.9
Invocations    | 1 |  1.8
Stealth        | 1 2 |  2.1
Polearms       | 1 |  1.1
Evocations     | |  0.5

Action                   |  1- 3 |  4- 6 |  7- 9 | 10-12 | 13-15 || total
-------------------------+-------+-------+-------+-------+-------++-------
Melee: War axe           |   116 |   301 |   567 |       |    35 ||  1019
       Battleaxe         |       |       |     9 |   710 |    92 ||   811
       Broad axe         |       |       |       |       |   329 ||   329
       Spear             |       |       |       |       |    31 ||    31
Invok: Heroism           |       |       |     5 |    14 |     4 ||    23
       Finesse           |       |       |       |     1 |       ||     1
 Abil: Dig               |     2 |       |       |     7 |     1 ||    10
Evoke: Wand              |       |       |       |     4 |    17 ||    21
       Lightning rod     |       |       |       |     3 |       ||     3
  Use: Scroll            |     1 |     1 |     6 |     6 |     6 ||    20
       Potion            |       |       |       |    12 |     3 ||    15
 Stab: Paralysed         |       |       |       |     2 |     5 ||     7
  Eat: Chunk             |       |     5 |    12 |    12 |    14 ||    43
       Ration            |       |       |       |     3 |       ||     3
Armor: Scale mail        |    21 |       |       |       |       ||    21
       Plate armour      |    81 |   208 |   324 |   330 |   160 ||  1103
       Chain mail        |       |       |       |    20 |    72 ||    92
Dodge: Dodged            |    29 |    82 |   119 |   186 |   121 ||   537
Block: Shield            |    81 |   191 |   326 |   435 |   284 ||  1317
